 Dungeon Crawl Stone Soup version 0.27-a0-404-g4390dbc5be (webtiles) character file.

Game seed: 3441767766587871583

15220 Nattfarinn the Dealer of Despair (level 11, 0/89 HPs)
             Began as a Demonspawn Necromancer on Feb 22, 2021.
             Was an Elder of Kikubaaqudgha.
             Slain by a slime creature (18 damage)
             ... on level 11 of the Dungeon.
             The game lasted 01:00:08 (11772 turns).

Nattfarinn the Dealer of Despair (DsNe)            Turns: 11772, Time: 01:00:08

Health: 0/89       AC: 20    Str: 10    XL:     11   Next: 99%
Magic:  6/14       EV: 14    Int: 21    God:    Kikubaaqudgha [****..]
Gold:   657        SH:  0    Dex: 13    Spells: 0/14 levels left

rFire    + + .     SeeInvis .   b - +4 quarterstaff (pain)
rCold    . . .     Faith    .   (shield currently unavailable)
rNeg     + . .     Spirit   .   B - +2 leather armour {rF+}
rPois    .         Reflect  .   (helmet restricted)
rElec    .         Harm     .   F - +2 cloak
rCorr    .         Rampage  .   f - +1 pair of gloves
Will     .....                  (no boots)
Stlth    ++........             (no amulet)
HPRegen  1.24/turn              i - ring of protection from fire
MPRegen  0.28/turn              E - ring of positive energy

@: sanguine armour, studying Bows
A: antennae 1, blink, clever 1, regeneration 1, evolution 1, magic regeneration,
sanguine armour 2, demonic magic 3
a: Blink, Renounce Religion, Receive Corpses


You were on level 11 of the Dungeon.
You worshipped Kikubaaqudgha.
Kikubaaqudgha was greatly pleased with you.
You visited 2 branches of the dungeon, and saw 13 of its levels.

You collected 657 gold pieces.

Inventory:

Hand Weapons
 b - a +4 quarterstaff of pain (weapon)
 y - the +5 short sword "Leviticus" {vorpal, rElec rC+ rN+ Dex+3}
   (You found it on level 4 of the Dungeon)

   It inflicts extra damage upon your enemies.
   It affects your dexterity (+3).
   It protects you from cold.
   It insulates you from electricity.
   It protects you from negative energy.
Armour
 f - a +1 pair of gloves (worn)
 B - a +2 leather armour of fire resistance (worn)
 F - a +2 cloak (worn)
 I - a scarf of invisibility
Jewellery
 i - a ring of protection from fire (left hand)
 w - a ring of resist corrosion
 E - a ring of positive energy (right hand)
 L - a ring of positive energy
Wands
 l - a wand of mindburst (6)
 p - a wand of charming (11)
 A - a wand of iceblast (13)
 G - a wand of flame (17)
 K - a wand of random effects (14)
 M - a wand of polymorph (5)
Scrolls
 c - 2 scrolls of teleportation
 g - 4 scrolls of identify
 m - 2 scrolls of enchant armour {unknown}
 n - a scroll of magic mapping {unknown}
 q - 2 scrolls of fear
 t - a scroll of random uselessness {unknown}
 u - 2 scrolls of blinking {unknown}
 z - 2 scrolls of immolation
 C - 2 scrolls of fog
 D - a scroll of acquirement {unknown}
 H - a scroll of vulnerability {unknown}
 J - a scroll of silence {unknown}
Potions
 a - 2 potions of brilliance
 d - 3 potions of attraction
 e - 4 potions of mutation
 h - 2 potions of curing
 k - 2 potions of lignification
 o - 2 potions of flight {unknown}
 r - a potion of magic {unknown}
 s - 2 potions of ambrosia
 v - a potion of might {unknown}
 x - 2 potions of invisibility {unknown}


   Skills:
 - Level 9.2 Fighting
 + Level 8.4 Staves
 - Level 5.8 Armour
 - Level 6.2 Dodging
 - Level 1.7 Stealth
 - Level 2.0 Spellcasting
 - Level 13.0 Necromancy


You couldn't memorise any spells.
You knew the following spells:

 Your Spells              Type           Power        Failure   Level
a - Pain                  Necr           100%         1%          1
b - Dispel Undead         Necr           54%          1%          4
c - Animate Dead          Necr           27%          1%          4
d - Agony                 Necr           54%          2%          5

Your spell library contained the following spells:

 Spells                   Type           Power        Failure   Level
 Animate Skeleton         Necr           100%         1%          1
 Corpse Rot               Necr/Air       N/A          1%          2
 Sublimation of Blood     Necr           27%          1%          2
 Vampiric Draining        Necr           27%          1%          3
 Excruciating Wounds      Necr           27%          2%          5
 Apportation              Tloc           4%           19%         1
 Corona                   Hex            2%           19%         1
 Freeze                   Ice            8%           19%         1
 Sting                    Tmut/Pois      8%           19%         1
 Summon Small Mammal      Summ           8%           19%         1
 Ensorcelled Hibernation  Hex/Ice        4%           28%         2
 Ignite Poison            Fire/Tmut/Pois 2%           50%         3
 Ozocubu's Armour         Ice            2%           50%         3
 Cause Fear               Hex            1%           88%         4
 Olgreb's Toxic Radiance  Pois           2%           88%         4
 Simulacrum               Ice/Necr       14%          89%         6
 Silence                  Hex/Air        1%           99%         5
 Yara's Violent Unravell  Hex/Tmut       1%           99%         5
 Eringya's Noxious Bog    Tmut/Pois      1%           100%        6
 Discord                  Hex            1%           100%        8


Dungeon Overview and Level Annotations

Branches:
Dungeon (12/15)            Temple (1/1) D:4            Lair (0/6) D:10
    Orc (0/2) D:9

Altars:
Ashenzari
Cheibriados
Dithmenos
Elyvilon
Fedhas
Gozag
Hepliaklqana
Kikubaaqudgha
Makhleb
Nemelex Xobeh
Okawaru
Qazlal
Ru
Sif Muna
Trog
Uskayaw
Vehumet
Wu Jian
Xom
Yredelemnul
Zin
The Shining One

Shops:
D:6 :   D:8 (

Annotations:
D:4 exclusion: statue
D:11 Frances
D:12 2 runed translucent doors


Innate Abilities, Weirdness & Mutations

You have a pair of small antennae on your head.
You regenerate magic rapidly.
When seriously injured, your bleeding wounds create thick armour. (AC +9)
Spells you cast and wands you use may paralyse nearby enemies.
You can translocate small distances at will.
Your mind is acute. (Int +2)
Your natural rate of healing is unusually fast.
You evolve.


Message History

The slime creature completely misses you.
Casting: Pain (safe; 1% risk of failure)
Confirm with . or Enter, or press ? or * to list all spells.
Aiming: Pain (safe; 1% risk of failure)
Press: ? - help, Shift-Dir - straight line, f/p - slime creature
Aim: a slime creature (moderately wounded, chance to affect: 71%)
The slime creature struggles to resist.
Malevolent energies surge around you.
The slime creature suddenly stops moving!
The helpless slime creature fails to defend itself.
You sock the slime creature!
The slime creature writhes in agony.
The slime creature is heavily wounded.
The helpless slime creature fails to defend itself.
You thump the slime creature!
The slime creature writhes in agony.
The slime creature is severely wounded.
The slime creature is no longer paralysed.
The slime creature closely misses you.
Casting: Pain (safe; 1% risk of failure)
Confirm with . or Enter, or press ? or * to list all spells.
Aiming: Pain (safe; 1% risk of failure)
Press: ? - help, Shift-Dir - straight line, f/p - slime creature
Aim: a slime creature (severely wounded, chance to affect: 71%)
The slime creature writhes in agony.
Malevolent energies surge around you. The slime creature hits you.
* * * LOW HITPOINT WARNING * * *
Casting: Pain (safe; 1% risk of failure)
Confirm with . or Enter, or press ? or * to list all spells.
Aiming: Pain (safe; 1% risk of failure)
Press: ? - help, Shift-Dir - straight line, f/p - slime creature
Aim: a slime creature (severely wounded, chance to affect: 71%)
The slime creature writhes in agony.
Malevolent energies surge around you. The slime creature misses you.
Casting: Pain (safe; 1% risk of failure)
Confirm with . or Enter, or press ? or * to list all spells.
Aiming: Pain (safe; 1% risk of failure)
Press: ? - help, Shift-Dir - straight line, f/p - slime creature
Aim: a slime creature (severely wounded, chance to affect: 71%)
The slime creature writhes in agony.
Malevolent energies surge around you. The slime creature hits you!!
You die...
Kikubaaqudgha rasps: "You have failed me!
Welcome... death!"

#.........#.####.####.# #.#
#...........# #.####.# #.#
#####..#......####...##.# #.#
..###..###.......###....# #.#
......[..............#..## #.#
#.##...##.#.....####.##..# #.#
#<##...##.......># #.....## #.#
#......####.#...J#######..####.##
####.....##.#...@.## ##...#.....
#......##.##.....####..........
###.#....##.................<....
#................##..#...........
...<.............###....(........
#.....(..##..........[...........
#........##.........#............
#................##.##...........
#.......>##.###..##.##...........


You could see a slime creature.

Vanquished Creatures
  2 boulder beetles
  2 two-headed ogres (D:12)
  An unseen horror (D:11)
  A deep elf pyromancer (D:12)
  An ugly thing (D:11)
  Maurice (D:9)
  Joseph (D:7)
  6 trolls
  2 polar bears (D:10)
  Grinder (D:4)
  3 slime creatures
  2 meliai zombies (D:12)
  A wraith (D:11)
  6 yaks
  3 wargs (D:9)
  2 water moccasins (D:7)
  A black bear (D:10)
  3 orc warriors
  3 ice beasts
  A necrophage (D:10)
  4 ogres
  5 centaurs
  8 wolves
  A phantom (D:10)
  2 kobold brigands
  An elf zombie (D:5)
  8 bullfrogs
  3 elf skeletons (D:5)
  A water moccasin skeleton (D:7)
  2 scorpions
  5 killer bees (D:10)
  4 wights (D:10)
  3 howler monkeys
  2 electric eels (D:10)
  A bullfrog zombie (D:12)
  2 centaur zombies
  3 hounds
  4 jellies (D:11)
  7 orc priests
  A bullfrog skeleton (D:11)
  2 human skeletons (D:5)
  4 iguanas
  12 orc wizards
  11 worker ants
  A killer bee zombie (D:7)
  A centaur simulacrum (D:10)
  2 worker ant zombies
  Robin (D:2)
  A howler monkey skeleton (D:5)
  2 river rats (D:3)
  11 adders
  4 gnolls (D:6)
  A shadow imp (D:7)
  5 white imps
  A worker ant simulacrum (D:10)
  6 ufetubi
  2 oozes (D:2)
  2 adder zombies
  5 worms
  5 dart slugs
  7 leopard geckos
  41 orcs
  3 ball pythons
  3 bats
  9 giant cockroaches
  13 goblins
  15 hobgoblins
  11 jackals
  4 quokkas
  5 frilled lizards
  A giant cockroach zombie (D:6)
  14 kobolds
  A leopard gecko skeleton (D:5)
  A leopard gecko zombie (D:6)
  2 quokka skeletons
  4 rats
323 creatures vanquished.

Vanquished Creatures (collateral kills)
  A hornet (D:11)
  3 yaks (D:9)
  Grum (D:9)
  A warg (D:9)
  A sky beast (D:9)
  An ice beast (D:7)
  A black bear (D:8)
  An eye of draining (D:11)
  A wolf (D:10)
  2 bullfrogs
  A wyvern skeleton (D:9)
  A scorpion (D:8)
  A howler monkey (D:11)
  A centaur zombie (D:11)
  A hound (D:8)
  An iguana (D:8)
  A hound skeleton (D:8)
  2 adders
  A worker ant simulacrum (D:10)
  3 orcs
  A goblin (D:2)
  A hobgoblin (D:2)
  A jackal (D:11)
  A quokka (D:12)
  A frilled lizard (D:2)
31 creatures vanquished.

Grand Total: 354 creatures vanquished

Notes
Turn   | Place    | Note
-------+----------+-------------------------------------------
     0 | D:1      | Nattfarinn the Demonspawn Necromancer began the quest for
                  | the Orb.
     0 | D:1      | Reached XP level 1. HP: 13/13 MP: 3/3
   282 | D:1      | Gained mutation: Spells you cast may paralyse adjacent
                  | enemies. [demonic ancestry]
   282 | D:1      | Reached XP level 2. HP: 6/19 MP: 1/5
   506 | D:1      | Reached skill level 5 in Necromancy
   595 | D:1      | Learned a level 1 spell: Animate Skeleton
  1032 | D:1      | Gained mutation: You have a pair of small antennae on your
                  | head. [demonic ancestry]
  1032 | D:1      | Reached XP level 3. HP: 20/24 MP: 2/6
  1485 | D:2      | Reached skill level 6 in Necromancy
  1654 | D:2      | Found an iron altar of Okawaru.
  1739 | D:2      | Gained mutation: Spells you cast may paralyse nearby
                  | enemies. [demonic ancestry]
  1739 | D:2      | Reached XP level 4. HP: 28/30 MP: 4/7
  1841 | D:2      | Noticed Robin
  1850 | D:1      | Learned a level 4 spell: Animate Dead
  1970 | D:2      | Killed Robin
  2433 | D:3      | Reached skill level 7 in Necromancy
  2433 | D:3      | Reached XP level 5. HP: 14/35 MP: 1/8
  3066 | D:3      | Gained mutation: Your natural rate of healing is unusually
                  | fast. [potion of mutation]
  3066 | D:3      | Gained mutation: You evolve. [potion of mutation]
  3210 | D:3      | Found an opulent altar of Gozag.
  3456 | D:3      | Reached skill level 8 in Necromancy
  3628 | D:3      | Gained mutation: Spells you cast and wands you use may
                  | paralyse nearby enemies. [demonic ancestry]
  3628 | D:3      | Reached XP level 6. HP: 36/41 MP: 6/9
  4163 | D:4      | Noticed Grinder
  4174 | D:4      | Reached skill level 9 in Necromancy
  4188 | D:4      | Paralysed by Grinder for 2 turns
  4204 | D:4      | Killed Grinder
  4205 | D:4      | Gained mutation: You regenerate magic rapidly. [demonic
                  | ancestry]
  4205 | D:4      | Reached XP level 7. HP: 16/46 MP: 10/10
  4254 | D:4      | Found a staircase to the Ecumenical Temple.
  4263 | Temple   | Entered the Ecumenical Temple
  4268 | Temple   | Became a worshipper of Kikubaaqudgha
  4361 | D:4      | Reached skill level 10 in Necromancy
  4467 | D:4      | Found a bloodstained altar of Trog.
  4585 | D:4      | Found a radiant altar of Vehumet.
  4621 | D:5      | Entered Level 5 of the Dungeon
  5136 | D:5      | Reached XP level 8. HP: 50/52 MP: 11/11
  5158 | D:4      | Got an encrusted short sword
  5159 | D:4      | Identified the +5 short sword "Leviticus" {vorpal, rElec
                  | rC+ rN+ Dex+3} (You found it on level 4 of the Dungeon)
  5226 | D:5      | Reached skill level 11 in Necromancy
  5794 | D:6      | Reached skill level 12 in Necromancy
  5853 | D:6      | Reached * piety under Kikubaaqudgha
  5853 | D:6      | Identified Kikubaaqudgha's Handbook of Dark Magic
                  | (Kikubaaqudgha gifted it to you on level 6 of the Dungeon)
  5853 | D:6      | Received a gift from Kikubaaqudgha
  5931 | D:6      | Found a sacrificial altar of Ru.
  6170 | D:6      | Found Quywkaceipn's Book Shop.
  6277 | D:6      | Found a shimmering altar of Xom.
  6570 | D:7      | Gained mutation: Your mind is acute. (Int +2) [evolution]
  6573 | D:7      | Reached skill level 13 in Necromancy
  6604 | D:7      | Reached XP level 9. HP: 44/58 MP: 8/12
  6651 | D:7      | Noticed Joseph
  6661 | D:7      | Reached skill level 1 in Fighting
  6671 | D:7      | Killed Joseph
  6672 | D:7      | Reached skill level 1 in Armour
  6922 | D:7      | Reached ** piety under Kikubaaqudgha
  7065 | D:7      | Noticed a troll
  7070 | D:7      | Killed a troll
  7320 | D:7      | Found a white marble altar of Elyvilon.
  7639 | D:8      | Found Kifik's Antique Weapon Emporium.
  7711 | D:8      | Reached skill level 5 in Fighting
  7758 | D:8      | Identified the Catalogue of Congealing Toxins
  7766 | D:8      | Learned a level 5 spell: Agony
  7939 | D:8      | Found a glowing golden altar of the Shining One.
  7941 | D:8      | Noticed an angel
  7955 | D:8      | Found a basalt altar of Yredelemnul.
  7957 | D:8      | Noticed a profane servitor
  8347 | D:9      | Gained mutation: When seriously injured, your bleeding
                  | wounds create armour. (AC +9) [demonic ancestry]
  8347 | D:9      | Reached XP level 10. HP: 76/76 MP: 7/13
  8604 | D:9      | Gained mutation: You can translocate small distances at
                  | will. [evolution]
  8652 | D:9      | Noticed Grum
  8669 | D:9      | Killed Grum
  8687 | D:9      | Reached *** piety under Kikubaaqudgha
  8687 | D:9      | Identified Kikubaaqudgha's Collected Works on Stolen Souls
                  | (Kikubaaqudgha gifted it to you on level 9 of the Dungeon)
  8687 | D:9      | Received a gift from Kikubaaqudgha
  8688 | D:9      | Reached skill level 5 in Dodging
  8728 | D:9      | Found a staircase to the Orcish Mines.
  8834 | D:9      | Noticed Maurice
  8877 | D:9      | Killed Maurice
  9055 | D:10     | Entered Level 10 of the Dungeon
  9095 | D:10     | Reached skill level 5 in Armour
  9348 | D:10     | Found a staircase to the Lair.
  9491 | D:10     | Reached **** piety under Kikubaaqudgha
  9544 | D:10     | Gained mutation: When seriously injured, your bleeding
                  | wounds create thick armour. (AC +9) [demonic ancestry]
  9544 | D:10     | Reached XP level 11. HP: 85/86 MP: 9/14
 10133 | D:10     | Reached skill level 1 in Staves
 10337 | D:11     | Paralysed by a hornet for 3 turns
 10357 | D:11     | Killed an unseen horror
 10407 | D:11     | Noticed a purple ugly thing
 10425 | D:11     | Killed a purple ugly thing
 10527 | D:11     | Found a blossoming altar of Fedhas.
 10803 | D:11     | Learned a level 4 spell: Dispel Undead
 10816 | D:12     | Noticed a boulder beetle
 10840 | D:12     | Noticed a two-headed ogre
 10851 | D:11     | Killed a boulder beetle
 10852 | D:11     | Reached skill level 5 in Staves
 11181 | D:12     | Reached ***** piety under Kikubaaqudgha
 11206 | D:12     | Noticed Frances
 11211 | D:12     | Found a runed translucent gate.
 11211 | D:12     | Found a runed translucent gate.
 11212 | D:12     | Noticed a phantasmal warrior
 11225 | D:12     | Killed a two-headed ogre
 11275 | D:12     | Noticed a deep elf pyromancer
 11280 | D:12     | Killed a deep elf pyromancer
 11467 | D:12     | Noticed a sixfirhy
 11647 | D:12     | Noticed a boulder beetle
 11674 | D:12     | Killed a boulder beetle
 11710 | D:12     | Noticed a two-headed ogre
 11717 | D:12     | Killed a two-headed ogre
 11772 | D:11     | Slain by a slime creature

Illustrated notes

Levels and vault maps discovered:
D:1:      dpeg_arrival_simpleton_b, layout_rooms
D:2:      layout_rooms, kennysheep_okawaru_gauntlet,
          chequers_serial_rivers_micro_e, uniq_robin
D:3:      layout_loops_ring, portal_sewer_entry_b,
          nicolae_gozag_cash_rules_everything_around_me
D:4:      layout_rooms, lightli_temple_of_fire, vehumet_statue,
          minmay_temple_entry_overgrown, uniq_grinder
D:5:      layout_basic, nicolae_ossuary_entry_catacombs, serial_glass,
          glass_columns_c, glass_columns_c
D:6:      layout_basic, kennysheep_little_box, serial_shops,
          nicolae_shop_statue_plus, nicolae_ru_path_of_blood
D:7:      layout_basic, elyvilon_altar_1, minmay_manual_mail, uniq_joseph
D:8:      layout_rooms, grunt_temple_overflow_holy_war, serial_shops, shop
D:9:      layout_rooms, minmay_orc_entry_guard_dogs, uniq_maurice, uniq_grum
D:10:     layout_gridville, erik_lair_island, serial_ice, serial_ice_c,
          serial_ice_a, serial_ice_l, serial_ice_m
D:11:     layout_rooms, fedhas_bush_and_centaur_altar
D:12:     layout_cave_pools, gammafunk_ghost_spectres, hangedman_fish_farm,
          uniq_frances
Temple:   minmay_freezing_vapour_temple

Skill      XL: |  1  2  3  4  5  6  7  8  9 10 11 |
---------------+----------------------------------+-----
Necromancy     | 5 6 7 8 9 10 13 | 13.0
Fighting       | 5 8 9 |  9.2
Dodging        | 4 5 6 |  6.2
Armour         | 3 5 |  5.8
Staves         | 8 |  8.4
Stealth        | |  1.7
Spellcasting   | |  2.0

Action                   |  1- 3 |  4- 6 |  7- 9 | 10-12 || total
-------------------------+-------+-------+-------+-------++-------
Melee: Whip              |    90 |   206 |   125 |       ||   421
       Short sword       |       |       |   142 |       ||   142
       Quarterstaff      |       |       |    98 |   314 ||   412
       Unarmed           |       |       |       |    11 ||    11
 Cast: Pain              |    28 |    69 |   114 |   203 ||   414
       Animate Skeleton  |     5 |     5 |     8 |       ||    18
       Animate Dead      |       |     2 |     5 |    21 ||    28
Invok: Receive Corpses   |       |       |     2 |     6 ||     8
Evoke: Wand              |       |     3 |     5 |    19 ||    27
  Use: Potion            |       |     3 |       |     2 ||     5
       Scroll            |       |       |     9 |     4 ||    13
 Stab: Sleeping          |     1 |       |     3 |     1 ||     5
       Paralysed         |       |    23 |    51 |   111 ||   185
       Distracted        |       |     1 |       |     1 ||     2
Armor: Ring mail         |    34 |    81 |    31 |       ||   146
       Robe              |     1 |       |       |       ||     1
       Leather armour    |       |       |    42 |   223 ||   265
Dodge: Dodged            |    53 |   122 |   169 |   452 ||   796

Table legend: (Time is in decaauts)
 A = Elapsed time spent in this place.
 B = Non-inter-level travel time spent in this place.
 C = Inter-level travel time spent in this place.
 D = Time resting spent in this place.
 E = Time spent auto-exploring this place.
 F = Levels seen in this place.
 G = Mean time per level.
                   A        B        C        D        E       F      G
               +--------+--------+--------+--------+--------+-----+--------+
         Total |  11936 |  11656 |    280 |   2518 |   6209 |  13 |  918.2 |
       Dungeon |  11923 |  11647 |    276 |   2518 |   6209 |  12 |  993.6 |
        Temple |     12 |      8 |      4 |      0 |      0 |   1 |   12.0 |
               +--------+--------+--------+--------+--------+-----+--------+

Top non-repeatable levels by time:
     D:1: 1389 daAuts
     D:2: 1314 daAuts
    D:10: 1189 daAuts
     D:3: 1182 daAuts
     D:7: 1071 daAuts
    D:11: 1065 daAuts
     D:5: 1008 daAuts
     D:6: 884 daAuts
     D:8: 773 daAuts
     D:4: 772 daAuts
     D:9: 741 daAuts
    D:12: 529 daAuts
  Temple: 12 daAuts
